 Dungeon Crawl Stone Soup version 0.25.0-15-gac7dcb8919 (webtiles) character file.

Game seed: 2421465167866978709

1114 Descartes the Shield-Bearer (level 8, 0/40 HPs)
             Began as a Vine Stalker Fighter on June 28, 2020.
             Slain by a killer bee (1 damage)
             ... on level 7 of the Dungeon.
             The game lasted 00:13:50 (4631 turns).

Descartes the Shield-Bearer (Vine Stalker Fighter)  Turns: 4631, Time: 00:13:51

Health: 0/40       AC:  5    Str: 20    XL:     8   Next: 34%
Magic:  0/13       EV:  9    Int: 10    God:
Gold:   183        SH: 11    Dex: 16    Spells: 13/13 levels left

rFire    + + .     SeeInvis .   a - +0 long sword
rCold    + . .     Gourm    .   c - +0 kite shield
rNeg     . . .     Faith    .   u - +2 robe {rF+}
rPois    .         Spirit   +   g - +0 helmet of Mouph {Regen+ Dex+3}
rElec    .         Reflect  .   k - scarf {rC+ rF+}
rCorr    .         Harm     .   (no gloves)
MR       +....                  (no boots)
Stlth    ++........             s - amulet of the acrobat
HPRegen  0.93/turn              (no ring)
MPRegen  0.13/turn              (no ring)

@: mighty, lethally poisoned (0 -> -1), about to teleport
A: fangs 3, regeneration 1, magic shield, antimagic bite, no potion heal 3, rot
immunity
a: no special abilities


You were on level 7 of the Dungeon.
You were not hungry.

You visited 1 branch of the dungeon, and saw 5 of its levels.
You also visited: Ossuary.

You collected 183 gold pieces.

Inventory:

Hand Weapons
 a - a +0 long sword (weapon)
 b - a cursed -2 dagger
 z - a +2 dagger of protection
Missiles
 e - 152 stones
 i - 6 boomerangs
 j - 40 sling bullets
 p - 43 poisoned darts (quivered)
 A - 13 bolts
 B - 17 arrows
Armour
 c - a +0 kite shield (worn)
 g - the +0 helmet of Mouph (worn) {Regen+ Dex+3}
   (You took it off Robin on level 1 of the Dungeon)

   It affects your dexterity (+3).
   It increases your rate of regeneration.
 k - a scarf of resistance (worn)
 u - a +2 robe of fire resistance (worn)
Jewellery
 s - an amulet of the acrobat (around neck)
Wands
 C - a wand of acid (10)
Scrolls
 h - 2 scrolls of remove curse
 o - a scroll of amnesia
 t - a scroll of enchant armour {unknown}
 v - a scroll of magic mapping
 y - 2 scrolls of fear {unknown}
Potions
 d - 3 potions of might
 l - a potion of mutation {unknown}
 m - 2 potions of brilliance {unknown}
 n - 2 potions of haste
 q - 3 potions of curing
 r - a potion of stabbing {unknown}
Comestibles
 f - 7 rations
 w - 4 chunks of flesh


   Skills:
 - Level 3.0 Fighting
 - Level 3.0 Long Blades
 - Level 2.4 Armour
 - Level 3.0 Stealth
 * Level 7.9 Shields
 - Level 3.0 Spellcasting


You had 13 spell levels left.
You didn't know any spells.
Your spell library was empty.

Dungeon Overview and Level Annotations

Branches:
Dungeon (4/15)             Temple (0/1) D:4         Ossuary (visited)

Altars:
Cheibriados
Dithmenos


Innate Abilities, Weirdness & Mutations

You have razor-sharp teeth.
Your natural rate of healing is unusually fast.
When hurt, damage is shared between your health and your magic reserves.
Your bite disrupts and absorbs the magic of your enemies.
Potions cannot restore your health.
You are immune to rotting.


Message History

You feel sick. You block the killer bee's attack. The killer bee stings you.
* * * LOW HITPOINT WARNING * * *
You block the killer bee's attack. The killer bee closely misses you.
You riposte.
You barely miss the killer bee. You bite the killer bee. You drain its power.
You feel invigorated.
The killer bee is severely wounded.
You block the killer bee's attack.
Your system rejects the healing.
You feel better. You block the killer bee's attack.
The killer bee barely misses you.
The killer bee stings you but does no damage.
You block the killer bee's attack. The killer bee stings you.
* * * LOW HITPOINT WARNING * * *
You are lethally poisoned!
The killer bee poisons you! The killer bee stings you.
Okay, then.
As you read the scroll of teleportation, it crumbles to dust.
You feel strangely unstable.
* * * LOW HITPOINT WARNING * * *
You feel sick. The killer bee stings you.
You die...

#.......######.
##.....## ##
##...## ##'##
####.#### #.......#
#.##.##.#
####.#รทรท.#.#
##@##.......####.
##yyy#.#..........
.#..y..........####
#........##..#..#
###.............#
##...#.##.###.#
##.##.##.###.#
####........# ###
####.#####


You could see 4 killer bees.

Vanquished Creatures
  Sigmund (D:3)
  A centaur (D:7)
  A bullfrog (D:7)
  2 scorpions (D:7)
  2 killer bees (D:7)
  2 howler monkeys (D:7)
  2 crimson imps (D:7)
  2 hounds
  2 orc priests
  Jessica (D:3)
  2 orc wizards
  A worker ant (D:4)
  3 mummies (Ossuary)
  Robin (D:1)
  5 adders
  A shadow imp (D:7)
  An ooze (D:1)
  An adder zombie (Ossuary)
  2 dart slugs
  4 worms
  3 leopard geckos
  5 orcs
  5 bats
  4 giant cockroaches
  A gnoll zombie (Ossuary)
  25 goblins
  19 hobgoblins
  9 jackals
  3 quokkas (D:2)
  A frilled lizard (D:1)
  6 goblin zombies (Ossuary)
  3 hobgoblin zombies (Ossuary)
  8 kobolds
  A kobold zombie (Ossuary)
  A leopard gecko zombie (D:7)
  3 quokka zombies (Ossuary)
  9 rats
  3 rat zombies (Ossuary)
146 creatures vanquished.

Notes
Turn   | Place    | Note
-------+----------+-------------------------------------------
     0 | D:1      | Descartes the Vine Stalker Fighter began the quest for the
                  | Orb.
     0 | D:1      | Reached XP level 1. HP: 11/11 MP: 2/2
   269 | D:1      | Reached XP level 2. HP: 16/16 MP: 3/3
   275 | D:1      | Reached skill level 3 in Shields
   494 | D:1      | Reached skill level 1 in Spellcasting
   564 | D:1      | Reached XP level 3. HP: 20/20 MP: 5/5
  1131 | D:2      | Identified the +0 helmet of Mouph {Regen+ Dex+3}
  1131 | D:2      | Noticed Robin
  1368 | D:1      | Killed Robin
  1392 | D:1      | Gained mutation: Your natural rate of healing is unusually
                  | fast. [Vine Stalker growth]
  1392 | D:1      | Reached XP level 4. HP: 17/24 MP: 7/7
  1618 | D:2      | Reached skill level 4 in Shields
  2129 | D:2      | Reached XP level 5. HP: 28/28 MP: 7/9
  2421 | D:3      | Noticed Jessica
  2424 | D:3      | Killed Jessica
  2448 | D:3      | You fall into a shaft and drop 1 floor!
  2722 | D:4      | Found a sand-covered staircase.
  2727 | Ossuary  | Entered an ossuary
  2736 | Ossuary  | Reached skill level 5 in Shields
  2736 | Ossuary  | Reached XP level 6. HP: 8/32 MP: 2/11
  3326 | D:3      | Noticed Sigmund
  3436 | D:3      | Found a shadowy altar of Dithmenos.
  3446 | D:3      | Found a snail-covered altar of Cheibriados.
  3592 | D:3      | Killed Sigmund
  3592 | D:3      | Reached XP level 7. HP: 36/36 MP: 12/12
  4219 | D:4      | You fall into a shaft and drop 3 floors!
  4233 | D:7      | Reached skill level 6 in Shields
  4350 | D:7      | Reached skill level 7 in Shields
  4426 | D:7      | Gained mutation: You have razor-sharp teeth. [Vine Stalker
                  | growth]
  4426 | D:7      | Reached XP level 8. HP: 34/40 MP: 9/13
  4629 | D:7      | HP: 1/40 [killer bee (2)]
  4631 | D:7      | Slain by a killer bee

Illustrated notes

Levels and vault maps discovered:
D:1:      dpeg_arrival_leaves_temple_mockup, layout_basic
D:2:      minmay_diamond_boxcup, layout_basic, serial_curves, eino_curves_04,
          eino_curves_04, uniq_robin
D:3:      cheibrodos_greedy_goblins, layout_basic, grunt_temple_overflow_open,
          uniq_jessica, uniq_sigmund
D:4:      corexii_shantytown, layout_basic, minmay_temple_entry_nine_rooms,
          nicolae_ossuary_entry_false_entrances, first_ration
D:7:      layout_loops_corners

Skill      XL: |  1  2  3  4  5  6  7 |
---------------+----------------------+-----
Shields        | 3 4 5 7 |  7.9
Fighting       | 3 |  3.0
Spellcasting   | 1 2 3 |  3.0
Long Blades    | 2 3 |  3.0
Stealth        | 2 3 |  3.0
Armour         | |  2.4

Action                   |  1- 3 |  4- 6 |  7- 9 || total
-------------------------+-------+-------+-------++-------
Melee: Long sword        |    90 |   184 |   109 ||   383
       Bite              |    22 |    75 |    46 ||   143
  Use: Scroll            |       |    10 |     1 ||    11
       Potion            |       |       |     3 ||     3
 Stab: Sleeping          |       |     1 |     1 ||     2
       Distracted        |       |       |     1 ||     1
  Eat: Chunk             |     1 |     8 |     4 ||    13
Armor: Scale mail        |    58 |    32 |       ||    90
       Ring mail         |       |    21 |       ||    21
       Robe              |       |     8 |    28 ||    36
Dodge: Dodged            |    31 |    75 |    55 ||   161
Block: Kite shield       |    55 |   114 |    65 ||   234
       Rpst.: Long sword |    11 |    28 |    24 ||    63
